 Dungeon Crawl Stone Soup version 0.15-a0-39-g424acf8 (webtiles) character file.

64 Qrupt the Grave Robber (level 2, 0/13 HPs)
             Began as a Vine Stalker Necromancer on Apr 3, 2014.
             Succumbed to a giant mite's poison
             ... on Level 1 of the Dungeon.
             The game lasted 00:03:20 (573 turns).

Qrupt the Grave Robber (Vine Stalker Necromancer)    Turns: 573, Time: 00:03:20

HP   0/13        AC  3     Str 10      XL: 2   Next: 83%
MP   1/6         EV 12     Int 15      God:
Gold 43          SH  0     Dex 14      Spells:  1 memorised,  5 levels left

rFire  . . .     SeeInvis .     e - +2,+0 dagger
rCold  . . .     Clarity  .     a - +0 robe
rNeg   . . .     Conserve .     (no shield)
rPois  .         rCorr    .     (no helmet)
rElec  .         rRot     +     (no cloak)
SustAb . .       Spirit   +     g - +0 pair of gloves
rMut   .         Warding  .     (no boots)
Saprov . . .     Stasis   .     (no amulet)
MR     .....                    (no ring)
                                (no ring)

@: lethally poisoned, not resistant to hostile enchantments, stealthy
A: fangs 2, regeneration 1, magic shield, antimagic bite, no device heal
a: no special abilities


You were on level 1 of the Dungeon.
You were not hungry.

You visited 1 branch of the dungeon, and saw 1 of its levels.

You collected 43 gold pieces.

Inventory:

Hand weapons
 e - a +2,+0 dagger (weapon)
Armour
 a - a +0 robe (worn)
 g - a +0 pair of gloves (worn)
Comestibles
 c - a bread ration
Scrolls
 d - a scroll of immolation {unknown}
 f - a scroll of teleportation {unknown}
Jewellery
 h - an uncursed ring of poison resistance {unknown}
Books
 b - a book of Necromancy

   Spells                             Type                      Level
   *Pain                              Necromancy                   1
   Animate Skeleton                   Necromancy                   1
   Lethal Infusion                    Charms/Necromancy            2
   Vampiric Draining                  Necromancy                   3
   Regeneration                       Charms/Necromancy            3
   Animate Dead                       Necromancy                   4
   Control Undead                     Necromancy                   4


   Skills:
 + Level 1.7 Dodging
 + Level 3.2 Stealth
 + Level 2.5 Spellcasting
 + Level 4.1 Necromancy


You had 5 spell levels left.
You knew the following spells:

 Your Spells              Type           Power        Failure   Level  Hunger
a - Pain                  Necr           ##..         4%          1    #......


Dungeon Overview and Level Annotations

Branches:
Dungeon (1/15)

Altars:


Innate Abilities, Weirdness & Mutations

You are immune to rotting.
You have extremely sharp teeth.
Your natural rate of healing is unusually fast.
When hurt, damage is shared between your health and your magic reserves.
Your bite disrupts and absorbs the magic of your enemies.
Potions and wands cannot restore your HP.


Message History

You can't see any susceptible monsters within range! (Use Z to cast anyway.)
You aren't carrying any potions.
You aren't carrying any potions.
There is a lethal amount of poison in your body!
There is a lethal amount of poison in your body!
There is a lethal amount of poison in your body!
There is a lethal amount of poison in your body!
There is a lethal amount of poison in your body!
There is a lethal amount of poison in your body!
There is a lethal amount of poison in your body!
There is a lethal amount of poison in your body!
There is a lethal amount of poison in your body!
There is a lethal amount of poison in your body!
There is a lethal amount of poison in your body!
* * * LOW HITPOINT WARNING * * *
You feel sick.
You aren't carrying any potions.
* * * LOW HITPOINT WARNING * * *
You feel sick.
You die...

#.# #.. #.# #.# #..# #.#
#.# #..# #.#
#.############ #..## #.#
..)................#
##### #.# ######.#######
#..%. ...# #.# #.# #.#.#
##.###.# #.# #.#.#
#....... #.# ###@#.#
#..##### #.#
#.....#######..##### #.#
#####..................#
#####.#
#...........#####....##.
##.....# #.###.....#.#
#.....## #...#### #.#
#.....#.#.........##
.###.## #.# ###.###
#.###[.#.### ##.####.#
#.# #.>#.##. #..>...#
#.# #..#...#


There were no monsters in sight!

Vanquished Creatures
  A giant mite (D:1)
  A giant gecko (D:1)
  A giant cockroach (D:1)
  2 hobgoblins (D:1)
  A giant newt (D:1)
  A goblin (D:1)
  4 kobolds (D:1)
  4 rats (D:1)
15 creatures vanquished.

Notes
Turn   | Place    | Note
--------------------------------------------------------------
     0 | D:1      | Qrupt, the Vine Stalker Necromancer, began the quest for the Orb.
     0 | D:1      | Reached XP level 1. HP: 9/9 MP: 3/3
   274 | D:1      | Reached XP level 2. HP: 7/13 MP: 4/6
   573 | D:1      | Succumbed to a giant mite's poison

Action                   || total
-------------------------++-------
Melee: Unarmed           ||     8
       Dagger            ||     4
 Cast: Pain              ||    25
 Stab: Sleeping          ||     1
